 Dungeon Crawl Stone Soup version 0.20-a0-33-g996f6e0 (webtiles) character file.

60 Nvm9 the Skirmisher (level 3, -5/29 HPs)
             Began as a Demonspawn Fighter on June 28, 2016.
             Was an Initiate of Qazlal.
             Slain by Sigmund
             ... wielding a cursed -1 scythe
              (9 damage)
             ... on level 3 of the Dungeon on Nov 9, 2016.
             The game lasted 00:04:40 (1475 turns).

Nvm9 the Skirmisher (Demonspawn Fighter)            Turns: 1475, Time: 00:04:41

Health: -5/29      AC:  7    Str: 17    XL:     3   Next: 80%
Magic:  3/3        EV:  6    Int:  9    God:    Qazlal [......]
Gold:   76         SH:  0    Dex: 16    Spells: 0 memorised, 2 levels left

rFire  + . .     SeeInvis .     a - +0 war axe
rCold  . . .     Gourm    .     b - +0 scale mail
rNeg   . . .     Faith    .     c - +0 shield
rPois  .         Spirit   .     (helmet restricted)
rElec  .         Reflect  .     y - +0 cloak
rCorr  .         Harm     +     (no gloves)
MR     .....                    (no boots)
Stlth  ..........               x - amulet of harm
                                v - ring of protection from fire
                                u - +4 ring of dexterity

@: confused
A: antennae 2
a: Renounce Religion


You were on level 3 of the Dungeon.
You worshipped Qazlal.
Qazlal was noncommittal.
You were not hungry.

You visited 1 branch of the dungeon, and saw 3 of its levels.

You collected 76 gold pieces.

Inventory:

Hand Weapons
 a - a +0 war axe (weapon)
Armour
 b - a +0 scale mail (worn)
 c - a +0 shield (worn)
 y - a +0 cloak (worn)
Jewellery
 u - a +4 ring of dexterity (left hand)
 v - a ring of protection from fire (right hand)
 x - an amulet of harm (around neck)
Scrolls
 g - 2 scrolls of amnesia {unknown}
 j - 9 scrolls of identify {unknown}
 m - a scroll of fear {unknown}
 n - 2 scrolls of blinking {unknown}
 r - a scroll of random uselessness {unknown}
 s - a scroll of remove curse {unknown}
 t - a scroll of immolation {unknown}
 w - a scroll of teleportation {unknown}
Potions
 d - 2 potions of might
 e - a potion of ambrosia {unknown}
 h - 2 potions of degeneration {unknown}
 i - a potion of heal wounds {unknown}
 o - a potion of brilliance {unknown}
 p - a potion of invisibility {unknown}
 z - a potion of haste {unknown}
Books
 l - a book of Cantrips

   Spells                             Type                      Level
   a - Confusing Touch                Hexes                        1
   b - Animate Skeleton               Necromancy                   1
   c - Summon Small Mammal            Summoning                    1
   d - Apportation                    Translocation                1
Comestibles
 f - 4 bread rations
 k - a meat ration
 q - 5 fruits


   Skills:
 + Level 3.4 Fighting
 + Level 2.2 Axes
 + Level 3.1 Armour
 + Level 2.9 Shields
 + Level 1.3 Unarmed Combat


You had 2 spell levels left.
You didn't know any spells.

Dungeon Overview and Level Annotations

Branches:
Dungeon (3/15)

Altars:
Cheibriados
Qazlal

Annotations:
D:3 Sigmund


Innate Abilities, Weirdness & Mutations

You have a pair of antennae on your head.


Message History

Sigmund flickers and vanishes!
Deactivating autopickup; reactivate with Ctrl-A.
You bump into the rock wall.
You hear some strange, mumbled words.
You are more confused.
You bump into the rock wall.
You're too confused to move!
Something hits you but does no damage.
You bump into the rock wall.
You closely miss something. Something hits you.
Your shield and scale mail prevent you from hitting something.
Something hits you. Something hits you!
* * * LOW HITPOINT WARNING * * *
You bump into the rock wall.
You bump into the rock wall.
You feel less confused.
You hear some strange, mumbled words.
You are confused.
You're too confused to move!
Something hits you!
You die...

##...## ##.###.##
#.## ##.####### #.#
#........ #.##
##.#######
##.###.........
##...####.####
#####.......#...###
#.@........###.....
#.###.....#.#.#.###
#{# ##.#..##†##...
#.# #.#..##.##.##.
#.# #.#..##.##.#
#.# #.[..##.##..
#.# ....##.##.. #.#
....##.##.. #.# #.#


There were no monsters in sight!

Vanquished Creatures
  A worm (D:2)
  2 leopard geckos
  4 orcs (D:3)
  2 giant cockroaches (D:1)
  7 goblins
  5 hobgoblins
  4 jackals (D:2)
  A kobold (D:1)
  3 quokkas
  7 bats
  3 frilled lizards
  8 rats
47 creatures vanquished.

Notes
Turn   | Place    | Note
-------+----------+-------------------------------------------
     0 | D:1      | Nvm9 the Demonspawn Fighter began the quest for the Orb.
     0 | D:1      | Reached XP level 1. HP: 18/18 MP: 1/1
    49 | D:1      | Upgraded the game from 0.19-a0-811-gf4045fb to 0.19-a0-1717-gc7c1317
   186 | D:1      | Gained mutation: You have a pair of small antennae on your head. [demonic ancestry]
   186 | D:1      | Reached XP level 2. HP: 20/24 MP: 2/2
   188 | D:1      | Upgraded the game from 0.19-a0-1717-gc7c1317 to 0.20-a0-33-g996f6e0
   587 | D:2      | Reached skill level 1 in Unarmed Combat
   606 | D:2      | Found a snail-covered altar of Cheibriados.
   616 | D:2      | Found a stormy altar of Qazlal.
   622 | D:2      | Gained mutation: You have a pair of antennae on your head. [demonic ancestry]
   622 | D:2      | Reached XP level 3. HP: 14/29 MP: 3/3
   874 | D:2      | Became a worshipper of Qazlal Stormbringer
  1461 | D:3      | Noticed Sigmund
  1475 | D:3      | Slain by Sigmund

Vault maps used:
D:1:      dpeg_arrival_tiny_a
D:2:      overflow_temple_1_default, first_bread, cheibriados_altar_1
D:3:      dancing_weapons_uskayaw, okawaru_trees_2, uniq_sigmund, uniq_jessica,
          uniq_robin, uniq_terence

Skill      XL: |  1  2 |
---------------+-------+-----
Axes           | 2 |  2.2
Armour         | 3 |  3.1
Unarmed Combat | 1 |  1.3
Fighting       | |  3.4
Shields        | |  2.9

Action                   || total
-------------------------++-------
Melee: War axe           ||   142
  Eat: Chunk             ||     2
Armor: Scale mail        ||    90
Dodge: Dodged            ||    42
Block: Shield            ||    97
